AoeStats
← VaporingCat7235

Arabia

510323014Analyzed
1v1 RM · 2d ago on Sep 30, 2026· 23m 45s· 2 players
Game mode
Random Map
Map size
Tiny (2 player)
Population
200
Speed
Normal
Resources
Standard
Victory
Conquest
Starting age
Dark Age
Ending age
Imperial Age
RankedLock teamsTeams togetherTeam positionsShared explorationLock speedFull tech treeHidden civsTurbo modeCheats
Victory
Defeat
🇪🇸 Vietnamese · Spain
555
+14
🇪🇸 Franks · Spain
501
-24
ADRIANQH_
4:16 Loom
11:15 Feudal Age
12:12 Double-Bit Axe
13:57 Man-at-Arms
17:17 Scale Mail Armor
18:47 Forging
VaporingCat7235
7:27 Loom
12:09 Feudal Age
17:47 Wheelbarrow
Connection lost

Rejoining the realm…

Still unreachable

The connection could not be restored.

Session expired

The server has moved on; the page needs a fresh start.